 Dungeon Crawl Stone Soup version 0.30.1-9-gdf580d7c3d (webtiles) character file.

Game seed: 4130658365323479495

16 ChrisAssaf the Insei (level 2, -6/33 HPs)
             Began as a Djinni Transmuter on Oct 4, 2023.
             Mangled by a gnoll
             ... wielding a +0 halberd
              (11 damage)
             ... on level 2 of the Dungeon.
             The game lasted 00:01:21 (332 turns).

ChrisAssaf the Insei (Djinni Transmuter)             Turns: 332, Time: 00:01:24

Health: -6/33      AC:  2    Str:  9    XL:     2   Next: 75%
Gold:   5          EV: 12    Int: 14    God:
                   SH:  0    Dex: 13

rFire   + +          .
                       - Unarmed
rCold   x . .        (no shield)
rNeg    . . .        a - +0 robe
rPois   ∞            (helmet currently unavailable)
rElec   .            (no cloak)
rCorr   .            (no gloves)
SInv    .            (boots unavailable)
Will    .....        (no amulet) Stlth
                     (no ring)
HPRegen 0.25/turn    (no ring)
MPRegen 0.00/turn

%: infuse magic (-7 HP)
@: mighty, berserking, appendages (expiring), wereblooded (expiring), flying,
very quick
A: horns 2, flying, sickness immunity, fire resistance 2, cold vulnerability 1,
float, innate caster, HP casting, extra vitality 1
a: End Transformation


You were on level 2 of the Dungeon.
You had temporarily grown beastly horns.
You visited 1 branch of the dungeon, and saw 2 of its levels.

You collected 5 gold pieces.

Inventory:

Armour
 a - a +0 robe (worn)
Scrolls
 c - a scroll of blinking {unknown}
 f - a scroll of teleportation {unknown}
 h - a scroll of silence {unknown}
Potions
 b - a potion of lignification


   Skills:
 * Level 1.1 Fighting
 * Level 0.3 Armour
 * Level 2.3 Dodging
 * Level 0.4 Stealth
 * Level 3.3 Unarmed Combat
 * Level 1.7 Spellcasting


You knew the following spells:

 Your Spells              Type           Power      Damage    Failure   Level
a - Beastly Appendage     Tmut           12%        N/A       12%         1
b - Wereblood             Tmut           6%         N/A       19%         2
c - Spider Form           Tmut/Pois      6%         N/A       34%         3
d - Ice Form              Ice/Tmut       6%         N/A       75%         4
Your spell library was empty.

Dungeon Overview and Level Annotations

Branches:
Dungeon (2/15)

Altars:
Ru


Innate Abilities, Weirdness & Mutations

You have temporarily grown beastly horns.
You are flying.
You are immune to sickness and miasma.
You are immune to poison.
Your flesh is very heat resistant. (rF++)
You are vulnerable to cold. (rC-)
You float through the air rather than walking.
You learn spells naturally, not from books.
Your magical power is your life essence.
You have superior vitality. (+4 MHP)


Message History

The gnoll hits you with a +0 whip.
You barely miss the gnoll.
The gnoll is severely wounded.
Your transformation is almost over.
The gnoll closely misses you.
You hit the gnoll but do no damage.
The gnoll is heavily wounded.
The gnoll hits you with a +0 whip.
* * * LOW HITPOINT WARNING * * *
You hit the gnoll.
The gnoll is almost dead.
The gnoll barely misses you.
You barely miss the gnoll. You headbutt the gnoll.
You feel a bit better.
You kill the gnoll!
The endoplasm jiggles.
You hit the rat.
You feel a bit better.
You kill the rat!
The kobold throws a stone.
The stone hits you but does no damage. The gnoll closely misses you.
Your primal bloodlust is almost over.
The gnoll hits you with a +0 halberd.
* * * LOW HITPOINT WARNING * * *
The kobold barely misses you.
Things that are here:
a +0 whip; a gnoll corpse The gnoll attacks as you move away!
The gnoll barely misses you. The gnoll closely misses you.
The kobold throws a stone.
The stone closely misses you.
It was a potion of might.
You feel very mighty all of a sudden. The gnoll closely misses you.
The kobold throws a stone.
The stone hits you but does no damage.
It was a potion of berserk rage.
A red film seems to cover your vision as you go berserk!
You feel yourself moving faster!
You feel mighty!
You howl as the wereblood boils in your veins!
The kobold throws a stone.
The stone hits you.
* * * LOW HITPOINT WARNING * * *
The gnoll hits you from afar with a +0 halberd!
You die...

################
...............#
##############.# #...# #.###
############.#############
.............JK)@.......>#
#########.####g#########.#
#....#.#########.####### ##
#....................... .
#....#.#######....###### #.#
#.#....#.#.............#
#.###.#....#.#.#####....##.#
...........#.#.# ###.## #
#.# #.#....#.#.# #.#


You could see a gnoll, an endoplasm and a kobold.

Vanquished Creatures
  A gnoll (D:2)
  A dart slug (D:1)
  A hobgoblin (D:1)
  A quokka (D:1)
  A frilled lizard (D:1)
  A rat (D:2)
6 creatures vanquished.

Notes
Turn   | Place    | Note
-------+----------+-------------------------------------------
     0 | D:1      | ChrisAssaf the Djinni Transmuter began the quest for the
                  | Orb.
     0 | D:1      | ChrisAssaf set off with the following spells memorised:
                  | Beastly Appendage, Wereblood, Spider Form, Ice Form.
     0 | D:1      | Reached XP level 1. HP: 17/17 MP: 0/0
   149 | D:1      | Reached XP level 2. HP: 20/22 MP: 0/0
   279 | D:2      | Found a sacrificial altar of Ru.
   332 | D:2      | Mangled by a gnoll

Illustrated notes

Levels and vault maps discovered:
D:1:      evilmike_arrival_home_sweet_home, layout_basic, minmay_tromino_v7
D:2:      layout_basic, basic_altar, hellmonk_ecumenical_altar_arch_garden,
          minmay_lizard_king

Action                     || total
---------------------------++-------
  Melee: Unarmed           ||    17
         Headbutt          ||     6
         Punch             ||     1
   Cast: Beastly Appendage ||     4
         Wereblood         ||     1
    Use: Potion            ||     2
         Scroll            ||     1
 Armour: Robe              ||     2
  Dodge: Dodged            ||    14
